 Dungeon Crawl Stone Soup version 0.24.0-13-gcf9b319 (webtiles) character file.

Game seed: 14740781167336178769, levelgen mode: deterministic

2023 Bronimir the Conjurer (level 9, -1/55 HPs)
             Began as an Octopode Conjurer on Mar 3, 2020.
             Was an Initiate of Vehumet.
             Slain by a scorpion (4 damage)
             ... on level 7 of the Dungeon on Mar 4, 2020.
             The game lasted 00:28:52 (6170 turns).

Bronimir the Conjurer (Octopode Conjurer)           Turns: 6170, Time: 00:28:55

Health: -1/55      AC:  4    Str:  8    XL:     9   Next: 23%
Magic:  16/24      EV: 15    Int: 19    God:    Vehumet [......]
Gold:   256        SH:  0    Dex: 13    Spells: 2/16 levels left

rFire    . . .     SeeInvis .   b - +0 shortbow
rCold    . . .     Gourm    .   (shield currently unavailable)
rNeg     . . .     Faith    .   (helmet restricted)
rPois    .         Spirit   .   s - amulet of regeneration
rElec    .         Reflect  .   j - ring of protection from magic
rCorr    .         Harm     .   r - ring of flight
MR       ++...                  u - +3 ring of protection
Stlth    +++.......             y - ring of magical power
HPRegen  0.58/turn              E - ring of protection from magic
MPRegen  0.19/turn              (no ring)
                                (no ring)
                                (no ring)

@: lethally poisoned (-1 -> -4), marked
A: almost no armour, stealthy swim, amphibious, 8 rings, constrict 8, camouflage
1, gelatinous body 1
a: Renounce Religion, Evoke Flight


You were on level 7 of the Dungeon.
You worshipped Vehumet.
Vehumet was noncommittal.
You were not hungry.

You visited 2 branches of the dungeon, and saw 8 of its levels.

You collected 256 gold pieces.

Inventory:

Hand Weapons
 a - a +2 spear of freezing
 b - a +0 shortbow (weapon)
 x - a +0 hunting sling
 B - the +6 arbalest "Damnation" {damnation}
   (You found it on level 4 of the Dungeon)
 C - the +3 dagger of Yxzats {vamp, rC+}
   (You found it on level 5 of the Dungeon)

   It inflicts no extra harm, but heals its wielder when it wounds a living foe.
   It protects you from cold.
Missiles
 e - 168 stones
 f - 96 arrows (quivered)
 h - 61 sling bullets
 k - 2 throwing nets
 o - 45 bolts
 t - 9 poisoned darts
Magical Staves
 F - an uncursed staff of earth
Jewellery
 j - a ring of protection from magic (left tentacle)
 q - an uncursed amulet of rage
 r - a ring of flight (right tentacle)
 s - an amulet of regeneration (around mantle)
 u - a +3 ring of protection (on tentacle)
 y - a ring of magical power (on tentacle)
 E - a ring of protection from magic (on tentacle)
 H - an uncursed ring of resist corrosion {unknown}
Wands
 G - a wand of disintegration (10)
Scrolls
 d - 10 scrolls of identify
 l - a scroll of enchant weapon {unknown}
 m - 2 scrolls of fog {unknown}
 v - a scroll of amnesia
 w - 5 scrolls of remove curse {unknown}
 A - a scroll of fear {unknown}
 I - 2 scrolls of blinking {unknown}
Potions
 c - a potion of cancellation {unknown}
 g - 2 potions of agility
 i - 2 potions of brilliance {unknown}
 p - 2 potions of curing {unknown}
 z - 3 potions of mutation {unknown}
 D - a potion of ambrosia {unknown}
 J - a potion of invisibility {unknown}
Comestibles
 n - 12 rations


   Skills:
 + Level 2.9 Fighting
 + Level 0.2 Short Blades
 + Level 4.5 Polearms
 + Level 2.9 Slings
 + Level 1.0 Bows
 + Level 2.6 Crossbows
 * Level 4.7 Dodging
 - Level 2.7 Stealth
 + Level 4.1 Spellcasting
 * Level 7.3 Conjurations
 + Level 1.7 Hexes
 * Level 2.6 Evocations


You had 2 spell levels left.
You knew the following spells:

 Your Spells              Type           Power        Failure   Level  Hunger
a - Magic Dart            Conj           ####         1%          1    None
b - Searing Ray           Conj           ####..       1%          2    ##.....
c - Dazzling Spray        Conj/Hex       ###...       6%          3    ###....
d - Iskenderun's Mystic   Conj           ####....     7%          4    ####...
e - Force Lance           Conj/Tloc      ###.....     30%         4    ####...

Your spell library contained the following spells:

 Spells                   Type           Power        Failure   Level  Hunger
 Shock                    Conj/Air       ###.         3%          1    None
 Swiftness                Chrm/Air       #.......     21%         2    ##.....
 Static Discharge         Conj/Air       ###.....     9%          3    ###....
 Fulminant Prism          Conj/Hex       ###.......   22%         4    ####...
 Lightning Bolt           Conj/Air       ###.......   63%         5    ######.
 Airstrike                Air            #.........   80%         4    ####...


Dungeon Overview and Level Annotations

Branches:
Dungeon (7/15)             Temple (1/1) D:6

Altars:
Ashenzari
Cheibriados
Dithmenos
Elyvilon
Fedhas
Gozag
Hepliaklqana
Kikubaaqudgha
Makhleb
Nemelex Xobeh
Okawaru
Qazlal
Ru
Sif Muna
Trog
Uskayaw
Vehumet
Wu Jian
Xom
Yredelemnul
Zin
The Shining One

Shops:
D:4 *

Annotations:
D:3 2 runed translucent doors, Southernist's ghost, amateur HOGl


Innate Abilities, Weirdness & Mutations

You cannot wear most types of armour.
You are very stealthy in the water. (Stealth+)
You are amphibious.
You can wear up to eight rings at the same time.
You can use your tentacles to constrict eight enemies at once.
Your skin changes colour to match your surroundings (Stealth+).
Your rubbery body absorbs attacks. (AC +1, EV +1)


Message History

Casting: Magic Dart (safe; 1% risk of failure)
Confirm with . or Enter, or press ? or * to list all spells.
Aiming: Searing Ray (safe; 1% risk of failure)
Press: ? - help, Shift-Dir - straight line, p - scorpion The searing ray hits the scorpion.
The scorpion is lightly wounded. (Press . to maintain the ray.)
You feel sick.
The scorpion stings you but does no damage.
The searing ray hits the scorpion.
The scorpion is moderately wounded.
You feel sick. The scorpion stings you.
* * * LOW HITPOINT WARNING * * *
The searing ray misses the scorpion.
The searing ray hits the gnoll.
The gnoll is lightly wounded.
* * * LOW HITPOINT WARNING * * *
You feel sick.
A jackal comes into view.
The scorpion stings you.
You die...

#+# #(.# #.. #.# ... #..# # #..
..# #h# #..## #.##. ###.# ...
#lh.# .... #<..########.###†#.#
#. . #.........##.#.....#.# #.
......##g..####.##.#.....#.#####.
.. #...........##h#h....#..#...<
.# #.####.#....@sgl........#.##.
.# # #........###.##.#....# #. .#
##.#.##........#.#..#.# #.
.######)......#####..#.#....# #.
.........#.#.........#......#.##.
.)..............####.###....# ...
########.#.#..#.# #.######.####.
.....)...)......####.............
#########...####...########..###.


You could see a scorpion, an iguana, a gnoll and 2 jackals.

Vanquished Creatures
  3 phantoms
  An ice beast (D:7)
  An ogre (D:5)
  2 centaurs
  3 bullfrogs
  A gnoll sergeant (D:7)
  A water moccasin zombie (D:6)
  2 scorpions (D:5)
  A water moccasin skeleton (D:6)
  A vampire bat (D:5)
  A howler monkey (D:5)
  3 crimson imps
  2 hounds
  A centaur zombie (D:7)
  2 orc priests
  6 orc wizards
  An iguana (D:6)
  3 worker ants
  A hound zombie (D:6)
  2 hound skeletons
  A worker ant zombie (D:6)
  Robin (D:3)
  3 gnolls
  2 howler monkey skeletons
  7 adders
  A shadow imp (D:6)
  A worm (D:2)
  A dart slug (D:5)
  3 fire bats (D:5)
  3 leopard geckos
  15 orcs
  2 spectral bats (D:5)
  A bat simulacrum (D:5)
  3 bat skeletons (D:5)
  5 giant cockroaches
  19 goblins
  7 hobgoblins
  4 jackals (D:6)
  3 quokkas
  A ball python (D:2)
  20 bats
  8 frilled lizards
  6 kobolds
  2 quokka zombies (D:5)
  5 rats
162 creatures vanquished.

Vanquished Creatures (others)
  A bat zombie (D:5)
1 creature vanquished.

Grand Total: 163 creatures vanquished

Notes
Turn   | Place    | Note
-------+----------+-------------------------------------------
     0 | D:1      | Bronimir the Octopode Conjurer began the quest for the Orb.
     0 | D:1      | Reached XP level 1. HP: 11/11 MP: 3/3
    82 | D:1      | Reached XP level 2. HP: 2/17 MP: 0/5
   296 | D:1      | Learned a level 2 spell: Searing Ray
   498 | D:1      | Reached XP level 3. HP: 12/21 MP: 1/6
  1482 | D:2      | Reached XP level 4. HP: 27/27 MP: 1/7
  1556 | D:2      | Found a faded altar of an unknown god.
  1636 | D:2      | Learned a level 3 spell: Dazzling Spray
  1777 | D:2      | Found a glowing golden altar of the Shining One.
  2261 | D:3      | Noticed Robin
  2276 | D:3      | Killed Robin
  2276 | D:3      | Reached skill level 1 in Evocations
  2307 | D:3      | Reached XP level 5. HP: 32/32 MP: 2/8
  2641 | D:3      | Reached skill level 1 in Fighting
  2727 | D:3      | Reached skill level 1 in Slings
  2932 | D:3      | Found a runed translucent door.
  2935 | D:3      | Noticed Southernist's ghost (amateur HOGl)
  3008 | D:3      | Found a runed translucent door.
  3276 | D:4      | Reached skill level 5 in Conjurations
  3347 | D:4      | Found the +6 arbalest "Damnation" {damnation}
  3385 | D:4      | Noticed a phantom
  3415 | D:4      | Killed a phantom
  3415 | D:4      | Reached skill level 1 in Hexes
  3415 | D:4      | Reached XP level 6. HP: 38/38 MP: 10/10
  3432 | D:4      | Found a shadowy altar of Dithmenos.
  3435 | D:4      | Found a shimmering altar of Xom.
  3435 | D:4      | Found a radiant altar of Vehumet.
  3437 | D:4      | Found a blossoming altar of Fedhas.
  3437 | D:4      | Found a shadowy altar of Dithmenos.
  3437 | D:4      | Found a shimmering altar of Xom.
  3509 | D:4      | Found Dunir's Lightly-Used Armoury.
  3517 | D:4      | Noticed a phantom
  3533 | D:4      | Killed a phantom
  3753 | D:5      | Entered Level 5 of the Dungeon
  3795 | D:5      | Noticed a phantom
  3817 | D:5      | Reached skill level 1 in Polearms
  3817 | D:5      | Reached XP level 7. HP: 42/45 MP: 11/11
  3893 | D:5      | Learned a level 4 spell: Iskenderun's Mystic Blast
  4011 | D:5      | Reached skill level 1 in Crossbows
  4201 | D:5      | Got a faintly glowing dagger
  4202 | D:5      | Identified the +3 dagger of Yxzats {vamp, rC+} (You found
                  | it on level 5 of the Dungeon)
  4261 | D:5      | Reached skill level 6 in Conjurations
  4285 | D:5      | Reached XP level 8. HP: 41/50 MP: 13/13
  4474 | D:5      | Found a snail-covered altar of Cheibriados.
  4831 | D:5      | Found an iron altar of Okawaru.
  4897 | D:6      | Found a radiant altar of Vehumet.
  5089 | D:6      | Found a staircase to the Ecumenical Temple.
  5113 | Temple   | Entered the Ecumenical Temple
  5335 | D:6      | Learned a level 4 spell: Force Lance
  5471 | D:6      | Found a stormy altar of Qazlal.
  5516 | D:6      | Reached XP level 9. HP: 55/55 MP: 14/14
  5532 | D:6      | Became a worshipper of Vehumet
  5568 | D:6      | Reached skill level 7 in Conjurations
  6155 | D:7      | Reached skill level 1 in Bows
  6170 | D:7      | Slain by a scorpion

Levels and vault maps discovered:
D:1:      evilmike_arrival_plus, layout_basic
D:2:      layout_rooms, nicolae_overflow_crystal_walls,
          chequers_ecumenical_altar_simple_redux
D:3:      layout_basic, first_ration, ebering_ghost_sewer_f,
          hangedman_decor_points, uniq_robin
D:4:      layout_rooms, doesnt_xom_only_xom, chequers_serial_rivers_micro_a,
          minmay_shop_damaged
D:5:      layout_basic, lemuel_coloured_pillars_altar, lemuel_doored_altar,
          nicolae_zen_rock_garden, goddamned_bats
D:6:      layout_loops_cross, nicolae_qazlal_general_emergency,
          kennysheep_little_box, minmay_temple_entry_statues_pillars
D:7:      layout_basic
Temple:   eino_temple_rhombus

Skill      XL: |  1  2  3  4  5  6  7  8  9 |
---------------+----------------------------+-----
Evocations     | 1 2 |  2.6
Fighting       | 1 2 |  2.9
Slings         | 1 2 |  2.9
Conjurations   | 5 6 7 |  7.3
Dodging        | 3 4 |  4.7
Hexes          | 1 |  1.7
Spellcasting   | 3 4 |  4.1
Polearms       | 1 2 4 |  4.5
Crossbows      | 1 2 |  2.6
Bows           | 1 |  1.0
Short Blades   | |  0.2
Stealth        | |  2.7

Action                   |  1- 3 |  4- 6 |  7- 9 || total
-------------------------+-------+-------+-------++-------
Melee: Dagger            |    11 |       |       ||    11
       Tentacles         |     6 |     3 |    21 ||    30
       Constrict         |     6 |     5 |    29 ||    40
       Club              |     2 |       |       ||     2
       Spear             |    22 |    34 |   132 ||   188
 Fire: Hunting sling     |    17 |    48 |       ||    65
       Arbalest          |       |     5 |     7 ||    12
       Shortbow          |       |       |    19 ||    19
 Cast: Magic Dart        |    35 |    61 |    89 ||   185
       Searing Ray       |     3 |     2 |     6 ||    11
       Dazzling Spray    |       |     1 |     1 ||     2
       Iskenderun's Myst |       |       |     5 ||     5
  Use: Scroll            |       |     6 |     1 ||     7
 Stab: Sleeping          |       |     2 |    11 ||    13
       Distracted        |       |     1 |       ||     1
  Eat: Chunk             |     2 |     5 |     8 ||    15
       Ration            |       |     1 |       ||     1
Armor: Skin              |    10 |    13 |    24 ||    47
Dodge: Dodged            |    44 |    42 |   135 ||   221
